 Dungeon Crawl Stone Soup version 0.31-a0-978-g1e143483b6 (webtiles) character file.

Game seed: 8428726694115925707

26352 croobank the Spry (level 12, -2/57 HPs)
             Began as a Felid Fighter on Oct 30, 2023.
             Was a High Priest of Fedhas.
             Killed by an exploding ballistomycete spore (23 damage)
             ... set off by themself
             ... on level 3 of the Lair of Beasts.
             The game lasted 01:27:52 (18280 turns).

croobank the Spry (Felid Fighter)                  Turns: 18280, Time: 01:27:52

Health: -2/57      AC:  3    Str: 14    XL:     12   Next: 97%
Magic:  2/20       EV: 32    Int: 13    God:    Fedhas [*****.]
Gold:   807        SH:  0    Dex: 15    Spells: 11/21 levels left
                                        Lives:  0   Deaths: 4

rFire   . .          .
                       - Unarmed
rCold   + + .        (shield unavailable)
rNeg    . . .        (body armour unavailable)
rPois   .            (helmet unavailable)
rElec   .            (cloak unavailable)
rCorr   .            (gloves unavailable)
SInv    +            (boots unavailable)
Will    +....        t - amulet of the acrobat
Stlth   ++           l - +5 ring of evasion
HPRegen 0.29/turn    u - ring of protection from cold
MPRegen 0.17/turn

%: acrobat
@: confused, mighty, beast-form, studying 2 skills, quick
A: beast (slay +4), very small, claws 1, fangs 3, see invisible, speed 1, shaggy
fur 3, stealthy paws, no weapons or thrown items, no armour, multi-lived
a: Begin Untransformation, Renounce Religion, Wall of Briars, Grow
Ballistomycete, Overgrow, Grow Oklob


You were on level 3 of the Lair of Beasts.
You worshipped Fedhas.
Fedhas was extremely pleased with you.
You were a hulking beast.
You visited 3 branches of the dungeon, and saw 15 of its levels.
You also visited: Bailey and Gauntlet.

You collected 1287 gold pieces.
You spent 480 gold pieces at shops.

Inventory:

Jewellery
 j - a +6 ring of strength
 l - a +5 ring of evasion (left paw)
 p - a ring of magical power
 s - a ring of poison resistance
 t - an amulet of the acrobat (around neck)
 u - a ring of protection from cold (right paw)
 w - a +5 ring of evasion
 B - a ring of willpower
 F - a ring of wizardry
 K - a +6 ring of dexterity
Talismans
 a - a flux talisman
 e - a beast talisman (active)
 r - a dragon-blood talisman
 D - a serpent talisman
Wands
 m - a wand of flame (42)
 n - a wand of polymorph (6)
 v - a wand of mindburst (15)
 y - a wand of iceblast (11)
 H - a wand of charming (1)
Scrolls
 b - 12 scrolls of teleportation
 z - 3 scrolls of amnesia
 C - 3 scrolls of vulnerability
 E - a scroll of poison
 G - a scroll of immolation
 J - 5 scrolls of identify
Potions
 d - 8 potions of enlightenment
 f - a potion of ambrosia
 g - 4 potions of brilliance
 i - 4 potions of cancellation
 q - 4 potions of mutation
 x - 2 potions of attraction
 A - a potion of lignification
Miscellaneous
 k - a lightning rod (4/4)


   Skills:
 * Level 9.5 Fighting
 * Level 16.4 Dodging
 * Level 12.3 Stealth
 * Level 9.9 Unarmed Combat
 - Level 5.0 Spellcasting
 - Level 3.0 Conjurations
 + Level 12.4 Hexes
 - Level 3.0 Fire Magic
 * Level 5.4 Invocations
 - Level 7.0 Shapeshifting


You had 11 spell levels left.
You knew the following spells:

 Your Spells              Type           Power      Damage    Failure   Level
a - Dazzling Flash        Conj/Hex       46%        N/A       2%          3
b - Foxfire               Conj/Fire      44%        2x1d6     5%          1
c - Inner Flame           Hex/Fire       23%        N/A       2%          3
d - Summon Guardian Gole  Hex/Summ       19%        N/A       4%          3

Your spell library contained the following spells:

 Spells                   Type           Power      Damage    Failure   Level
 Jinxbite                 Hex            70%        N/A       1%          2
 Shock                    Conj/Air       28%        1d4       10%         1
 Apportation              Tloc           6%         N/A       19%         1
 Freeze                   Ice            12%        1d3       19%         1
 Summon Small Mammal      Summ           12%        N/A       19%         1
 Cigotuvi's Dreadful Rot  Necr/Pois/Air  6%         N/A       28%         2
 Hailstorm                Conj/Ice       7%         3d4       30%         3
 Ignite Poison            Fire/Tmut/Pois 5%         N/A       36%         3
 Silence                  Hex/Air        9%         N/A       38%         5
 Flame Wave               Conj/Fire      11%        2d6       47%         4
 Sticky Flame             Conj/Fire      11%        2d3       47%         4
 Call Canine Familiar     Summ           3%         N/A       50%         3
 Frozen Ramparts          Ice            6%         1d1       50%         3
 Gell's Gravitas          Tloc           3%         N/A       50%         3
 Teleport Other           Tloc           3%         N/A       50%         3
 Animate Dead             Necr           3%         N/A       88%         4
 Summon Lightning Spire   Summ/Air       3%         N/A       88%         4
 Freezing Cloud           Conj/Ice/Air   2%         6-21      98%         5
 Agony                    Necr           3%         N/A       99%         5
 Alistair's Intoxication  Tmut/Pois      2%         N/A       99%         5
 Conjure Ball Lightning   Conj/Air       3%         3x3d6     100%        6
 Dispersal                Tloc           1%         N/A       100%        6
 Plasma Beam              Fire/Air       3%         2x1d13    100%        6
 Starburst                Conj/Fire      5%         6d4       100%        6
 Haunt                    Necr/Summ      1%         N/A       100%        7
 Infestation              Necr           1%         N/A       100%        8


Dungeon Overview and Level Annotations

Branches:
Dungeon (11/15)            Temple (1/1) D:5            Lair (3/5) D:9
 Shoals (0/4) Lair:2        Snake (0/4) Lair:2       Bailey (visited)
Gauntlet (visited)
    Orc: D:9-12

Altars:
Ashenzari
Cheibriados
Dithmenos
Elyvilon
Fedhas
Gozag
Hepliaklqana
Kikubaaqudgha
Makhleb
Nemelex Xobeh
Okawaru
Qazlal
Ru
Sif Muna
Trog
Uskayaw
Vehumet
Wu Jian
Xom
Yredelemnul
Zin
The Shining One

Shops:
D:4 *   D:5 :**   D:6 *

Annotations:
D:7 2 transporters, tsujin's ghost, novice GnSh
Lair:1 2 transporters


Innate Abilities, Weirdness & Mutations

You are a hulking beast.
Your limbs bulge with bestial killing power. (Slay +4)
You have sharp claws.
You have razor-sharp teeth.
You have supernaturally acute eyesight. (SInv)
You cover ground quickly. (Speed+)
Your thick and shaggy fur keeps you warm. (AC +3, rC+)
Your paws help you pounce on unaware monsters.
You are incapable of wielding weapons or throwing items.
You cannot wear armour.
You gain extra lives every three experience levels.


Message History

Press: ? - help, Shift-Dir - straight line, f/p - death yak
Aim: a death yak (almost dead, confused, covered in acid, 100% to hit)
The bolt of acid hits the death yak!
The death yak is almost dead.
The now-empty wand crumbles to dust.
The death yak seems less confused.
The death yak barely misses you.
The death yak is engulfed in blazing flames.
No previous command to re-do.
You mangle the death yak!!
You kill the death yak!
Fedhas appreciates your contribution to the ecosystem.
A ballistomycete spore comes into view.
A ballistomycete spore comes into view.
The death yak gores your ballistomycete spore!!
Your ballistomycete spore explodes!
Fedhas protects your plant from harm.
The death yak appears confused.
The explosion of spores engulfs the death yak!
The death yak is severely wounded.
The explosion of spores engulfs you!!
You are confused.
The death yak completely misses you.
The death yak gores itself but does no damage.
A ballistomycete spore comes into view.
You claw the death yak!
The death yak is almost dead.
Your ballistomycete spore explodes!
The explosion of spores engulfs you.
You are more confused.
The death yak appears confused.
The explosion of spores engulfs the death yak!
You kill the death yak!
Fedhas appreciates your contribution to the ecosystem.
Fedhas protects your plant from harm.
You mangle your ballistomycete spore!!
Your ballistomycete spore explodes!
The explosion of spores engulfs you!!
You are more confused.
You die...
Fedhas appreciates your contribution to the ecosystem.

#.#.P....#.......#....
###............#.#....
#......#.#.#...P....
##........#.#.#...#P.
#.......#...#.#.#.##.
##.#........#...#.#..
#..#....#.....>.P..#.
#.............P......
##..hP..#.....#....#.
#......#.#.....#.##.
#...##...#.#...P.#.
#..........#(.......
##...##...#.#...#....
#.....#..............
##...##.......#.#.##.
#....PYP.#.#.....#..
#...##.....#...#..P.


You could see a friendly ballistomycete (summoned).

Vanquished Creatures
  Fannar (D:11)
  A two-headed ogre (D:10)
  3 death yaks (Lair:3)
  An orc knight (D:10)
  Pikel (D:7)
  A manticore (D:10)
  2 elephants (Lair:3)
  A black mamba (Lair:3)
  A smoke demon (Gauntlet)
  2 gargoyles
  10 cane toads
  4 komodo dragons
  A rime drake (Lair:3)
  3 blink frogs (Lair:2)
  A hornet (D:9)
  3 dream sheep (Lair:3)
  A slime creature (D:10)
  3 wyverns
  A vampire (Bailey)
  18 yaks
  Eustachio (D:6)
  2 basilisks
  2 steam dragons
  Menkaure (D:5)
  3 nagas (Lair:2)
  3 acid dragons
  10 water moccasins
  4 black bears
  3 orc warriors
  A sky beast (D:7)
  7 wolves
  2 centaurs
  A lemure (D:7)
  6 bullfrogs
  2 gnoll sergeants
  3 scorpions
  4 killer bees (D:9)
  8 vampire bats (Bailey)
  5 wolf zombies (Bailey)
  7 howler monkeys
  A crimson imp (Gauntlet)
  3 jellies
  A hound (D:5)
  3 orc priests
  A gnoll bouda (D:6)
  3 iguanas
  14 orc wizards
  4 hell rats (Lair:2)
  Robin (D:3)
  20 gnolls
  6 adders
  A white imp (D:6)
  2 ufetubi (D:7)
  6 dart slugs
  27 orcs
  9 endoplasms
  3 giant cockroaches
  21 goblins
  14 hobgoblins
  11 quokkas
  7 ball pythons
  4 bats
  3 frilled lizards (D:3)
  7 kobolds
  20 orc zombies (Bailey)
  5 rats (D:1)
  2 ballistomycete spores (Lair:3)
333 creatures vanquished.

Vanquished Creatures (collateral kills)
  A cane toad (Lair:2)
  A dream sheep (Lair:3)
  A water moccasin (Lair:3)
  3 wolves
  7 ballistomycete spores (Lair:3)
13 creatures vanquished.

Vanquished Creatures (others)
  2 death yaks (Lair:3)
  An elephant (Lair:3)
  A komodo dragon (Lair:3)
  3 merfolk (Lair:2)
  2 dream sheep (Lair:3)
  6 yaks
  A water moccasin (Lair:2)
  A black bear (Lair:3)
  3 wolves (Lair:3)
  2 sleepcaps
  An orc wizard (D:5)
  3 orcs
  A ballistomycete spore (Lair:3)
  121 foxfires
148 creatures vanquished.

Grand Total: 494 creatures vanquished

Notes
Turn   | Place    | Note
-------+----------+-------------------------------------------
     0 | D:1      | croobank the Felid Fighter began the quest for the Orb.
     0 | D:1      | Reached XP level 1. HP: 10/10 MP: 2/2
   106 | D:1      | Reached XP level 2. HP: 14/14 MP: 3/3
   417 | D:1      | Reached XP level 3. HP: 13/17 MP: 4/4
   455 | D:1      | Reached skill level 1 in Stealth
   773 | D:1      | Found a faded altar of an unknown god.
  1154 | D:1      | Reached skill level 1 in Shapeshifting
  1259 | D:2      | Reached XP level 4. HP: 21/21 MP: 5/5
  1567 | D:3      | Noticed Robin
  1571 | D:3      | Slain by a goblin
  1601 | D:3      | Reached skill level 5 in Dodging
  1942 | D:3      | Killed Robin
  2064 | D:3      | Reached XP level 5. HP: 23/24 MP: 6/6
  2111 | D:3      | Learned a level 3 spell: Dazzling Flash
  2594 | D:4      | Found a burning altar of Makhleb.
  2595 | D:4      | Found Hicwitod's General Store.
  2614 | D:4      | Bought a scroll of identify for 20 gold pieces
  2637 | D:4      | Found a stormy altar of Qazlal.
  2638 | D:4      | Found a basalt altar of Yredelemnul.
  2639 | D:4      | Noticed a black bear
  2657 | D:4      | Killed a black bear
  2658 | D:4      | Reached skill level 1 in Hexes
  2753 | D:4      | Noticed a water moccasin
  2784 | D:4      | Slain by a water moccasin
  2981 | D:4      | Gained mutation: You are covered in thick fur. (AC +2)
                  | [Felid growth]
  2981 | D:4      | Reached XP level 6. HP: 22/28 MP: 8/8
  3027 | D:4      | Reached skill level 6 in Dodging
  3253 | D:4      | Found a sacrificial altar of Ru.
  3267 | D:4      | Reached skill level 1 in Spellcasting
  3267 | D:4      | Reached skill level 1 in Conjurations
  3639 | D:5      | Entered Level 5 of the Dungeon
  3670 | D:5      | Reached skill level 5 in Unarmed Combat
  3755 | D:5      | Reached XP level 7. HP: 32/32 MP: 10/10
  3836 | D:6      | Found Gozag's Platinum Reserve.
  4066 | D:5      | Identified a scroll of acquirement
  4066 | D:5      | Acquired a manual of Hexes
  4069 | D:5      | Noticed Menkaure
  4117 | D:5      | Killed Menkaure
  4118 | D:5      | Reached skill level 7 in Dodging
  4518 | D:5      | Found Azenoeb's Assorted Antiques.
  4526 | D:5      | Bought a coppery potion for 18 gold pieces
  4526 | D:5      | Bought a scroll of identify for 42 gold pieces
  4598 | D:4      | Bought a +6 ring of strength for 360 gold pieces
  4624 | D:5      | Reached XP level 8. HP: 11/36 MP: 12/12
  4723 | D:5      | Found a staircase to the Ecumenical Temple.
  4740 | Temple   | Entered the Ecumenical Temple
  4762 | Temple   | Became a worshipper of Fedhas Madash
  4836 | D:5      | Found Jophelom's Serpentskin Sales.
  4857 | D:5      | Reached skill level 8 in Dodging
  4857 | D:5      | Reached skill level 5 in Stealth
  4962 | D:5      | Found Huirgh's Book Emporium.
  5663 | D:6      | Reached skill level 5 in Fighting
  5760 | D:6      | Found an opulent altar of Gozag.
  5913 | D:6      | Noticed Eustachio
  5928 | D:6      | Killed Eustachio
  5929 | D:6      | Reached skill level 5 in Hexes
  6439 | D:7      | Identified the "Jouhem"
  6475 | D:7      | Reached * piety under Fedhas
  6485 | D:7      | Reached skill level 9 in Dodging
  6680 | D:7      | Found an ancient bone altar of Kikubaaqudgha.
  6680 | D:7      | Found a radiant altar of Vehumet.
  6686 | D:7      | Reached XP level 9. HP: 25/40 MP: 4/14
  6801 | D:7      | Found a shimmering blue altar of Sif Muna.
  6907 | D:7      | Found a broken altar of Ashenzari.
  7353 | D:7      | Noticed Pikel
  7365 | D:7      | Killed Pikel
  7366 | D:7      | Reached skill level 10 in Dodging
  7459 | D:7      | Found a transporter.
  7464 | D:7      | Noticed tsujin's ghost (novice GnSh)
  7469 | D:7      | Identified the ring "Itzecwuh" {rN+ Str-4 Int+6}
  7506 | D:7      | Identified the +9 spear of Iconoclasm {elec, rCorr Str+4
                  | Int-3}
  7506 | D:7      | Identified the +1 kite shield "Boubbom" {+Inv Str+5}
  7508 | D:7      | Found a transporter.
  7562 | D:7      | Reached skill level 5 in Shapeshifting
  7958 | D:8      | Reached ** piety under Fedhas
  7973 | D:8      | Reached skill level 11 in Dodging
  8152 | D:8      | Reached XP level 10. HP: 46/46 MP: 7/16
  8742 | D:9      | Found a flagged portal.
  8782 | Bailey   | Entered a bailey
  8827 | Bailey   | Learned a level 1 spell: Foxfire
  8875 | Bailey   | Reached *** piety under Fedhas
  9058 | Bailey   | Noticed a gargoyle
  9068 | Bailey   | Killed a gargoyle
  9069 | Bailey   | Reached skill level 1 in Fire Magic
  9483 | Bailey   | Identified the +1 robe "Qaphaw" {rPois Will+}
  9750 | D:9      | Found a staircase to the Lair.
 10056 | D:9      | Reached skill level 12 in Dodging
 10330 | D:9      | Learned a level 3 spell: Inner Flame
 10761 | D:9      | Paralysed by a hornet for 3 turns
 11067 | D:10     | Identified the of Caoma
 11067 | D:10     | Entered Level 10 of the Dungeon
 11214 | D:10     | Noticed an orc knight
 11219 | D:10     | Killed an orc knight
 11219 | D:10     | Reached **** piety under Fedhas
 11926 | D:10     | Noticed a manticore
 11942 | D:10     | Killed a manticore
 11943 | D:10     | Reached XP level 11. HP: 36/50 MP: 6/18
 12107 | D:10     | Noticed a two-headed ogre
 12114 | D:10     | Killed a two-headed ogre
 12568 | D:11     | Noticed Fannar
 12587 | D:11     | Killed Fannar
 12588 | D:11     | Reached skill level 13 in Dodging
 12934 | Lair:1   | Entered Level 1 of the Lair of Beasts
 13192 | D:5      | Bought a scroll of poison for 40 gold pieces
 13369 | Lair:1   | Found a transporter.
 13492 | Lair:1   | Reached skill level 1 in Invocations
 13665 | Lair:1   | Found a transporter.
 13679 | Lair:1   | Noticed a fire crab
 13861 | Lair:1   | Reached skill level 10 in Stealth
 13969 | Lair:1   | Reached skill level 10 in Hexes
 14578 | Lair:1   | Learned a level 3 spell: Summon Guardian Golem
 14660 | Lair:2   | Found a gate leading to a gauntlet.
 14697 | Lair:2   | Killed by an exploding cane toad... ignited by their inner
                  | flame
 14703 | Lair:2   | Reached skill level 14 in Dodging
 14874 | Gauntlet | Entered a Gauntlet
 14874 | Gauntlet | Found a transporter.
 14874 | Gauntlet | Found a transporter.
 14874 | Gauntlet | Found a runed translucent gate.
 14879 | Gauntlet | Found a transporter.
 14879 | Gauntlet | Found a transporter.
 14879 | Gauntlet | Found the +3 greatsling "Punk" {acid, rCorr}
 14880 | Gauntlet | Found a runed translucent gate.
 14881 | Gauntlet | Found a runed translucent gate.
 14883 | Gauntlet | Found a transporter.
 14883 | Gauntlet | Found a transporter.
 14917 | Gauntlet | Noticed a necromancer
 14920 | Gauntlet | Found a transporter.
 14923 | Gauntlet | Found a transporter.
 14930 | Gauntlet | Noticed a thrashing horror
 14931 | Gauntlet | Noticed a thrashing horror
 14937 | Gauntlet | Found a transporter.
 15016 | Gauntlet | Found a runed translucent door.
 15018 | Gauntlet | Found a runed translucent door.
 15020 | Gauntlet | Found a transporter.
 15024 | Gauntlet | Found a transporter.
 15032 | Gauntlet | Found a transporter.
 15306 | Gauntlet | HP: 1/51 [small abomination (19)]
 15393 | Gauntlet | Noticed a minotaur
 15443 | Lair:2   | Reached skill level 5 in Spellcasting
 15616 | Lair:2   | Reached ***** piety under Fedhas
 15940 | Lair:2   | Gained mutation: Your thick and shaggy fur keeps you warm.
                  | (AC +3, rC+) [Felid growth]
 15940 | Lair:2   | Reached XP level 12. HP: 56/56 MP: 16/20
 16158 | Lair:2   | Found a staircase to the Snake Pit.
 16568 | Lair:2   | Found a staircase to the Shoals.
 16890 | Lair:3   | Reached skill level 15 in Dodging
 17142 | Lair:3   | HP: 2/57 [cane toad (21)]
 17148 | Lair:3   | HP: 1/57 [cane toad (13)]
 17152 | Lair:3   | Demolished by a cane toad
 17554 | Lair:3   | Reached skill level 16 in Dodging
 17554 | Lair:3   | Reached skill level 5 in Invocations
 17773 | Lair:3   | Noticed a death yak
 17774 | Lair:3   | Noticed a death yak
 17775 | Lair:3   | Noticed a death yak
 17789 | Lair:3   | Noticed a death yak
 17789 | Lair:3   | Noticed a death yak
 18221 | Lair:3   | Killed a death yak
 18225 | Lair:3   | Killed a death yak
 18229 | Lair:3   | Killed a death yak
 18275 | Lair:3   | Killed a death yak
 18279 | Lair:3   | Killed a death yak
 18280 | Lair:3   | Killed by an exploding ballistomycete spore... set off by
                  | themself

Illustrated notes

Levels and vault maps discovered:
D:1:      ncdulo_lavacross, layout_basic, shapermc_ecumenical_altar_pompeii,
          minmay_pentomino_s2
D:2:      layout_rooms
D:3:      layout_loops_cross, nicolae_hexahallways, uniq_robin
D:4:      layout_loops_ring, old_standard_altar,
          chequers_temple_overflow_statue_of_worship, serial_shops, shop_coins,
          kennysheep_dice
D:5:      nicolae_cairo_tiling_large_dashed, layout_basic,
          minmay_temple_entry_glassed_door, serial_shops, shop,
          nicolae_inconvenience_store, guppyfry_shop_venom, uniq_menkaure
D:6:      layout_rooms, nicolae_gozag_zags_fifth_avenue, lemuel_flamethrower_2,
          uniq_eustachio
D:7:      layout_loops_cross, palyth_temple_overflow_mages,
          mainiacjoe_overflow_boulevard, gammafunk_ghost_gnarly_gnolls,
          uniq_pikel
D:8:      layout_rooms
D:9:      layout_basic, dpeg_oklobed_lair, enter_bailey_3
D:10:     minmay_cornered_nines, layout_stronghold, hangedman_decor_opposing,
          lightli_orcish_oven
D:11:     layout_loops_ring, uniq_fannar
Temple:   nicolae_temple_figure_eight
Lair:1:   gammafunk_cloud_chamber, layout_chaotic_city
Lair:2:   layout_loops_ring, mainiacjoe_shoals_entry_four_pools,
          nicolae_snake_entry_squirm, gauntlet_entry_generic,
          pdpol_lair_neglected_garden, infiniplex_staircase_pool_2,
          lemuel_fruit_fields
Lair:3:   layout_long_grid

Skill      XL: |  1  2  3  4  5  6  7  8  9 10 11 12 |
---------------+-------------------------------------+-----
Stealth        | 1 2 3 4 6 7 9 10 12 | 12.3
Shapeshifting  | 1 2 3 4 5 6 7 |  7.0
Dodging        | 5 6 7 9 11 12 14 16 | 16.4
Hexes          | 1 2 3 5 7 9 10 12 | 12.4
Fighting       | 4 5 6 7 8 9 |  9.5
Spellcasting   | 1 2 3 4 5 |  5.0
Conjurations   | 1 2 3 |  3.0
Unarmed Combat | 5 6 7 8 9 |  9.9
Fire Magic     | 2 3 |  3.0
Invocations    | 3 5 |  5.4

Action                     |  1- 3 |  4- 6 |  7- 9 | 10-12 || total
---------------------------+-------+-------+-------+-------++-------
  Melee: Unarmed           |    92 |   179 |   236 |   456 ||   963
         Bite              |     8 |    15 |    35 |    61 ||   119
         Punch             |       |     5 |    15 |    24 ||    44
   Cast: Dazzling Flash    |       |     1 |    31 |    82 ||   114
         Foxfire           |       |       |       |    65 ||    65
         Inner Flame       |       |       |       |     9 ||     9
         Summon Guardian G |       |       |       |    28 ||    28
 Invoke: Wall of Briars    |       |       |       |     9 ||     9
         Grow Ballistomyce |       |       |       |     2 ||     2
  Evoke: Wand              |       |       |       |    12 ||    12
    Use: Potion            |     1 |     2 |     2 |    20 ||    25
         Scroll            |       |     5 |    12 |    11 ||    28
   Stab: Sleeping          |     5 |     7 |     6 |    18 ||    36
         Invisible         |       |       |     9 |    36 ||    45
         Distracted        |       |       |     2 |     1 ||     3
 Armour: Skin              |    18 |    52 |    61 |   137 ||   268
  Dodge: Dodged            |    71 |   142 |   265 |   696 ||  1174
   Form: Beast             |     1 |       |       |       ||     1

Table legend: (Time is in decaauts)
 A = Elapsed time spent in this place.
 B = Non-inter-level travel time spent in this place.
 C = Inter-level travel time spent in this place.
 D = Time resting spent in this place.
 E = Time spent auto-exploring this place.
 F = Levels seen in this place.
 G = Mean time per level.
                   A        B        C        D        E       F      G
               +--------+--------+--------+--------+--------+-----+--------+
         Total |  16232 |  15446 |    786 |   5379 |   6418 |  17 |  954.8 |
       Dungeon |  10957 |  10250 |    707 |   3409 |   4652 |  11 |  996.1 |
        Temple |     35 |      2 |     33 |      0 |      0 |   1 |   35.0 |
          Lair |   4047 |   4002 |     45 |   1428 |   1586 |   3 | 1349.0 |
        Bailey |    708 |    708 |      0 |    342 |    180 |   1 |  708.0 |
      Gauntlet |    484 |    484 |      0 |    199 |      0 |   1 |  484.0 |
               +--------+--------+--------+--------+--------+-----+--------+

Top non-repeatable levels by time:
     D:9: 1660 daAuts
  Lair:2: 1619 daAuts
     D:5: 1512 daAuts
     D:7: 1262 daAuts
  Lair:1: 1218 daAuts
  Lair:3: 1210 daAuts
     D:4: 997 daAuts
    D:10: 965 daAuts
     D:6: 925 daAuts
     D:3: 915 daAuts
     D:1: 887 daAuts
     D:8: 747 daAuts
  Bailey: 708 daAuts
    D:11: 692 daAuts
Gauntlet: 484 daAuts
